HSSL
TACOMA HS TORCHMEN @ OCEANSIDE HS PIRATES
04/03/2028
 
TOP OF THE 1ST
Tacoma HS Torchmen batting - Pitching for Oceanside HS Pirates : LHP Mark Hayden
Pitching: LHP Mark Hayden
Batting: RHB Kel Turner 0-0: Ball
1-0: SINGLE (Line Drive, 8LS)
Batting: LHB Joseph Wood 0-0: Called Strike
0-1: Ball
1-1: Fly out, F8 (Flyball, 8LM)
Batting: RHB Glenn Browne 0-0: Ball
1-0: Called Strike
Kel Turner steals 2nd base
1-1: Ball
2-1: Ball
3-1: Base on Balls
Batting: RHB Jim Lipscomb 0-0: TRIPLE (Flyball, 78D)
Kel Turner scores
Glenn Browne scores
Batting: RHB David Carter 0-0: Called Strike
0-1: Ball
1-1: Ball
2-1: Ball
3-1: Foul Ball, location: 2F
3-2: Strikes out swinging
Batting: LHB Ben Underwood 0-0: Ball
1-0: Ball
2-0: Ball
3-0: Called Strike
3-1: Fly out, F9 (Flyball, 9S)
Top of the 1st over - 2 run(s), 2 hit(s), 0 error(s), 1 left on base; Tacoma HS 2 - Oceanside HS 0
BOTTOM OF THE 1ST
Oceanside HS Pirates batting - Pitching for Tacoma HS Torchmen : RHP Bill Gogearty
Pitching: RHP Bill Gogearty
Batting: RHB Pancho Rodríguez 0-0: Called Strike
0-1: Foul Ball, location: 2F
0-2: Strikes out swinging
Batting: LHB Dylan Savill 0-0: Ball
1-0: Ball
2-0: SINGLE (Line Drive, 89S)
Batting: LHB Ron Young 0-0: Called Strike
0-1: SINGLE (Groundball, 6M) (infield hit)
Dylan Savill to second
Batting: LHB Otis Campbell 0-0: Called Strike
0-1: Ball
1-1: Swinging Strike
1-2: Strikes out swinging
Batting: RHB Heath Jones 0-0: Ball
1-0: Foul Ball, location: 2F
1-1: Foul Ball, location: 2F
1-2: Fly out, F6 (Popup, 6D)
Bottom of the 1st over - 0 run(s), 2 hit(s), 0 error(s), 2 left on base; Tacoma HS 2 - Oceanside HS 0
TOP OF THE 2ND
Tacoma HS Torchmen batting - Pitching for Oceanside HS Pirates : LHP Mark Hayden
Batting: LHB Alberto Barrios 0-0: Ball
1-0: Called Strike
1-1: Fly out, F7 (Flyball, 7S)
Batting: LHB John Bell 0-0: Called Strike
0-1: Ball
1-1: Fly out, F8 (Flyball, 8RM)
Batting: RHB Cristián Ortega 0-0: Called Strike
0-1: Foul Ball, location: 2F
0-2: Ball
1-2: Ball
2-2: Foul Ball, location: 2F
2-2: Strikes out looking
Top of the 2nd over - 0 run(s), 0 hit(s), 0 error(s), 0 left on base; Tacoma HS 2 - Oceanside HS 0
BOTTOM OF THE 2ND
Oceanside HS Pirates batting - Pitching for Tacoma HS Torchmen : RHP Bill Gogearty
Batting: RHB Charles Collins 0-0: Ball
1-0: Called Strike
1-1: Ball
2-1: Foul Ball, location: 2F
2-2: Ball
3-2: Reached on error, E8 (Flyball, 8LD)
Batting: RHB Sergio Arboledo 0-0: Ball
1-0: Ball
2-0: Ground out U3 (Groundball, 34)
Charles Collins to third
Batting: RHB Ben Williams 0-0: Called Strike
0-1: Ball
1-1: Ground out U3 (Groundball, 3)
Batting: RHB Howard Brown 0-0: Ball
1-0: Called Strike
1-1: Fly out, F9 (Flyball, 89M)
Bottom of the 2nd over - 0 run(s), 0 hit(s), 1 error(s), 1 left on base; Tacoma HS 2 - Oceanside HS 0
TOP OF THE 3RD
Tacoma HS Torchmen batting - Pitching for Oceanside HS Pirates : LHP Mark Hayden
Batting: RHB Kel Turner 0-0: Called Strike
0-1: Foul Ball, location: 2F
0-2: Ground out 6-3 (Groundball, 6)
Batting: LHB Joseph Wood 0-0: Foul Ball, location: 2F
0-1: Foul Ball, location: 2F
0-2: Strikes out swinging
Batting: RHB Glenn Browne 0-0: Ball
1-0: Foul Ball, location: 2F
1-1: Ball
2-1: SOLO HOME RUN (Flyball, 8LXD), Distance : 447 ft
Batting: RHB Jim Lipscomb 0-0: Ball
1-0: Ball
2-0: Foul Ball, location: 2F
2-1: Ball
3-1: Swinging Strike
3-2: Base on Balls
Batting: RHB David Carter 0-0: Ball
1-0: Called Strike
1-1: Ball
2-1: Ball
3-1: Foul Ball, location: 2F
3-2: Strikes out looking
Top of the 3rd over - 1 run(s), 1 hit(s), 0 error(s), 1 left on base; Tacoma HS 3 - Oceanside HS 0
BOTTOM OF THE 3RD
Oceanside HS Pirates batting - Pitching for Tacoma HS Torchmen : RHP Bill Gogearty
Batting: RHB Pancho Rodríguez 0-0: Called Strike
0-1: Ball
1-1: Foul Ball, location: 2F
1-2: Strikes out swinging
Batting: LHB Dylan Savill 0-0: Called Strike
0-1: SINGLE (Groundball, 4MD)
Batting: LHB Ron Young 0-0: Ball
1-0: Ball
2-0: Ball
3-0: Base on Balls
Dylan Savill to second
Batting: LHB Otis Campbell 0-0: Ball
1-0: Fly out, F8 (Flyball, 8LS)
Batting: RHB Heath Jones 0-0: Ball
1-0: Foul Ball, location: 2F
1-1: Foul Ball, location: 2F
1-2: Ball
2-2: TRIPLE (Flyball, 8LXD)
Dylan Savill scores
Ron Young scores
Batting: RHB Charles Collins 0-0: Fly out, F8 (Flyball, 8LM)
Bottom of the 3rd over - 2 run(s), 2 hit(s), 0 error(s), 1 left on base; Tacoma HS 3 - Oceanside HS 2
TOP OF THE 4TH
Tacoma HS Torchmen batting - Pitching for Oceanside HS Pirates : LHP Mark Hayden
Batting: LHB Ben Underwood 0-0: Called Strike
0-1: Swinging Strike
0-2: Strikes out swinging
Batting: LHB Alberto Barrios 0-0: Foul Ball, location: 2F
0-1: Foul Ball, location: 2F
0-2: Ball
1-2: Foul Ball, location: 2F
1-2: Strikes out swinging
Batting: LHB John Bell 0-0: Ball
1-0: Foul Ball, location: 2F
1-1: Foul Ball, location: 2F
1-2: Ball
2-2: Ball
3-2: Strikes out swinging
Top of the 4th over - 0 run(s), 0 hit(s), 0 error(s), 0 left on base; Tacoma HS 3 - Oceanside HS 2
BOTTOM OF THE 4TH
Oceanside HS Pirates batting - Pitching for Tacoma HS Torchmen : RHP Bill Gogearty
Batting: RHB Sergio Arboledo 0-0: SINGLE (Groundball, 56D)
Batting: RHB Ben Williams 0-0: Ball
1-0: DOUBLE (Line Drive, 7LM)
Sergio Arboledo to third
Batting: RHB Howard Brown 0-0: Foul Ball, location: 2F
0-1: SINGLE (Line Drive, 8RS)
Sergio Arboledo scores
Ben Williams to third
Batting: RHB Pancho Rodríguez 0-0: Called Strike
0-1: Ball
1-1: Ball
2-1: Foul Ball, location: 2F
2-2: Foul Ball, location: 2F
2-2: Strikes out looking
Batting: LHB Dylan Savill 0-0: Ball
1-0: Foul Ball, location: 2F
1-1: Called Strike
1-2: Ball
2-2: Strikes out swinging
Batting: LHB Ron Young 0-0: Ball
1-0: Called Strike
1-1: Foul Ball, location: 2F
1-2: Foul Ball, location: 2F
1-2: Ball
2-2: Ball
3-2: Foul Ball, location: 2F
3-2: Foul Ball, location: 2F
3-2: Foul Ball, location: 2F
3-2: TRIPLE (Flyball, 89XD)
Ben Williams scores
Howard Brown scores
Batting: LHB Otis Campbell 0-0: Fly out, F7 (Flyball, 7)
Bottom of the 4th over - 3 run(s), 4 hit(s), 0 error(s), 1 left on base; Tacoma HS 3 - Oceanside HS 5
TOP OF THE 5TH
Tacoma HS Torchmen batting - Pitching for Oceanside HS Pirates : LHP Mark Hayden
Batting: RHB Cristián Ortega 0-0: Called Strike
0-1: Swinging Strike
0-2: Foul Ball, location: 2F
0-2: Strikes out swinging
Batting: RHB Kel Turner 0-0: Ball
1-0: Swinging Strike
1-1: Ball
2-1: Called Strike
2-2: Foul Ball, location: 2F
2-2: Foul Ball, location: 2F
2-2: Ball
3-2: Strikes out swinging
Batting: LHB Joseph Wood 0-0: Called Strike
0-1: DOUBLE (Line Drive, 9LS)
Pitching: RHP Harley Sandberg
Batting: RHB Glenn Browne 0-0: Ball
1-0: Swinging Strike
1-1: Fly out, F8 (Flyball, 8RM)
Top of the 5th over - 0 run(s), 1 hit(s), 0 error(s), 1 left on base; Tacoma HS 3 - Oceanside HS 5
BOTTOM OF THE 5TH
Oceanside HS Pirates batting - Pitching for Tacoma HS Torchmen : RHP Bill Gogearty
Pitching: RHP Rich Puckett
Batting: RHB Heath Jones 0-0: Called Strike
0-1: Foul Ball, location: 2F
0-2: Foul Ball, location: 2F
0-2: Ball
1-2: Foul Ball, location: 2F
1-2: Foul Ball, location: 2F
1-2: Foul Ball, location: 2F
1-2: Ball
2-2: Ball
3-2: Strikes out swinging
Batting: RHB Charles Collins 0-0: Ball
1-0: Ball
2-0: Ball
3-0: Base on Balls
Batting: RHB Sergio Arboledo 0-0: Called Strike
0-1: Swinging Strike
0-2: Ball
1-2: Ball
2-2: Ball
3-2: Base on Balls
Charles Collins to second
Batting: RHB Ben Williams 0-0: Ball
1-0: Fielders Choice at 2nd, 6-4 (Groundball, 56)
Charles Collins to third
Batting: RHB Howard Brown 0-0: Ball
1-0: Ball
2-0: Hit by Pitch
Ben Williams to second
Batting: RHB Pancho Rodríguez 0-0: Ball
1-0: Fly out, F7 (Line Drive, 7)
Bottom of the 5th over - 0 run(s), 0 hit(s), 0 error(s), 3 left on base; Tacoma HS 3 - Oceanside HS 5
TOP OF THE 6TH
Tacoma HS Torchmen batting - Pitching for Oceanside HS Pirates : RHP Harley Sandberg
Batting: RHB Jim Lipscomb 0-0: Ball
1-0: Called Strike
1-1: Called Strike
1-2: Foul Ball, location: 2F
1-2: Ball
2-2: Foul Ball, location: 2F
2-2: Ball
3-2: Base on Balls
Batting: RHB David Carter 0-0: Grounds into double play, 5-4-3 (Groundball, 5)
Batting: LHB Ben Underwood 0-0: Foul Ball, location: 2F
0-1: Fly out, F7 (Flyball, 7)
Top of the 6th over - 0 run(s), 0 hit(s), 0 error(s), 0 left on base; Tacoma HS 3 - Oceanside HS 5
BOTTOM OF THE 6TH
Oceanside HS Pirates batting - Pitching for Tacoma HS Torchmen : RHP Rich Puckett
Batting: LHB Dylan Savill 0-0: Ball
1-0: Called Strike
1-1: Ball
2-1: SINGLE (Groundball, 4D)
Batting: LHB Ron Young 0-0: Ball
1-0: Ball
2-0: Ball
3-0: Called Strike
3-1: Foul Ball, location: 2F
3-2: Foul Ball, location: 2F
3-2: Strikes out swinging
Pitching: LHP Glenn O'Rourke
Batting: LHB Otis Campbell 0-0: Called Strike
0-1: Foul Ball, location: 2F
0-2: Strikes out swinging
Batting: RHB Heath Jones 0-0: Ball
1-0: Called Strike
1-1: Ball
2-1: Called Strike
2-2: Foul Ball, location: 2F
2-2: Ball
3-2: SINGLE (Groundball, 4S) (infield hit)
Dylan Savill to second
Batting: RHB Charles Collins 0-0: Ball
1-0: Foul Ball, location: 2F
1-1: SINGLE (Line Drive, 9S)
Dylan Savill to third
Heath Jones to second
Runner from 3rd tries for Home, SAFE, no throw
Batting: RHB Sergio Arboledo 0-0: Called Strike
0-1: Ball
1-1: Ball
2-1: Called Strike
2-2: Foul Ball, location: 2F
2-2: Ball
3-2: Strikes out swinging
Bottom of the 6th over - 1 run(s), 3 hit(s), 0 error(s), 2 left on base; Tacoma HS 3 - Oceanside HS 6
TOP OF THE 7TH
Tacoma HS Torchmen batting - Pitching for Oceanside HS Pirates : RHP Harley Sandberg
Batting: LHB Alberto Barrios 0-0: Called Strike
0-1: Ball
1-1: Ground out 5-3 (Groundball, 56)
Batting: LHB John Bell 0-0: Ball
1-0: Ball
2-0: Called Strike
2-1: Ball
3-1: Base on Balls
Batting: RHB Cristián Ortega 0-0: Ball
John Bell is caught stealing 2nd base
1-0: Called Strike
1-1: Foul Ball, location: 2F
1-2: Foul Ball, location: 2F
1-2: Ball
2-2: Foul Ball, location: 2F
2-2: Ball
3-2: SOLO HOME RUN (Flyball, 78XD) (Inside the Park)
Batting: RHB Kel Turner 0-0: Ball
1-0: SINGLE (Groundball, 6MD)
Pitching: LHP Henry Bell
Batting: LHB Joseph Wood 0-0: Ball
Kel Turner steals 2nd base
1-0: Called Strike
1-1: Ball
2-1: Ball
3-1: Base on Balls
Pitching: LHP Alejandro García
Batting: RHB Glenn Browne 0-0: Ball
1-0: Ball
2-0: Called Strike
2-1: Ball
3-1: Base on Balls
Kel Turner to third
Joseph Wood to second
Batting: RHB Jim Lipscomb 0-0: Foul Ball, location: 2F
0-1: Ground out 3-1 (Groundball, 34)
Top of the 7th over - 1 run(s), 2 hit(s), 0 error(s), 3 left on base; Tacoma HS 4 - Oceanside HS 6
BOTTOM OF THE 7TH
Oceanside HS Pirates batting - Pitching for Tacoma HS Torchmen : LHP Glenn O'Rourke
Batting: RHB Ben Williams 0-0: Ball
1-0: Foul Ball, location: 2F
1-1: Foul Ball, location: 2F
1-2: Ground out 6-3 (Groundball, 6)
Batting: RHB Howard Brown 0-0: Called Strike
0-1: Ball
1-1: Ground out 6-3 (Groundball, 6)
Batting: RHB Pancho Rodríguez 0-0: Fly out, F4 (Line Drive, 4M)
Bottom of the 7th over - 0 run(s), 0 hit(s), 0 error(s), 0 left on base; Tacoma HS 4 - Oceanside HS 6
TOP OF THE 8TH
Tacoma HS Torchmen batting - Pitching for Oceanside HS Pirates : LHP Alejandro García
Batting: RHB David Carter 0-0: Called Strike
0-1: Reached on error, E7 (Flyball, 7)
Batting: LHB Ben Underwood 0-0: Called Strike
0-1: Swinging Strike
0-2: Strikes out swinging
Batting: LHB Alberto Barrios 0-0: Ball
1-0: Foul Ball, location: 2F
1-1: Fly out, F4 (Popup, 4)
Batting: LHB John Bell 0-0: Fielders Choice at 2nd, 6-4 (Groundball, 6)
Top of the 8th over - 0 run(s), 0 hit(s), 1 error(s), 0 left on base; Tacoma HS 4 - Oceanside HS 6
BOTTOM OF THE 8TH
Oceanside HS Pirates batting - Pitching for Tacoma HS Torchmen : LHP Glenn O'Rourke
Batting: LHB Dylan Savill 0-0: Called Strike
0-1: Swinging Strike
0-2: Ball
1-2: Ball
2-2: Foul Ball, location: 2F
2-2: Strikes out looking
Batting: LHB Ron Young 0-0: Called Strike
0-1: Ball
1-1: Called Strike
1-2: Ball
2-2: Strikes out swinging
Batting: LHB Otis Campbell 0-0: Foul Ball, location: 2F
0-1: SINGLE (Groundball, 25) (infield hit)
Batting: RHB Heath Jones 0-0: Ball
Otis Campbell is caught stealing 2nd base
Bottom of the 8th over - 0 run(s), 1 hit(s), 0 error(s), 0 left on base; Tacoma HS 4 - Oceanside HS 6
TOP OF THE 9TH
Tacoma HS Torchmen batting - Pitching for Oceanside HS Pirates : LHP Alejandro García
Pitching: RHP Roger MacFadden
Batting: RHB Cristián Ortega 0-0: Foul Ball, location: 2F
0-1: Ball
1-1: Foul Ball, location: 2F
1-2: Ball
2-2: Foul Ball, location: 2F
2-2: Ground out 6-3 (Groundball, 6)
Batting: RHB Kel Turner 0-0: Fly out, F9 (Flyball, 9LM)
Batting: LHB Joseph Wood 0-0: Called Strike
0-1: Foul Ball, location: 2F
0-2: Ball
1-2: Foul Ball, location: 2F
1-2: Foul Ball, location: 2F
1-2: Foul Ball, location: 2F
1-2: Foul Ball, location: 2F
1-2: Ball
2-2: Foul Ball, location: 2F
2-2: Strikes out swinging
Top of the 9th over - 0 run(s), 0 hit(s), 0 error(s), 0 left on base; Tacoma HS 4 - Oceanside HS 6
Tuesday, August 8th, 2017 - OOTP Baseball 17.12 Build 75